Map: Goldenaura LE

Players

Oliveira - Winner!

  • Race: Terran Terran
  • League: Platinum
  • Spawn Location: 5:00

Subwayeatn

  • Race: Zerg Zerg
  • League: Platinum
  • Spawn Location: 12:00

VOD

Have the link to the VOD?

Description

Time

  • Played on: Nov. 3, 2023, 5:07 p.m.
  • Length: 38:53
Show
View Real Time Build Order
Export as new Build Order

Oliveira Terran - Winner!

Build Orders:  

Get SALT Encoding   

  12  0:00  SCV  
  13  0:12  SCV  
  14  0:22  Supply Depot  
  14  0:25  SCV  
  15  0:36  Refinery  
  15  0:44  SCV  
  15  0:48  Barracks  
  16  0:56  SCV  
  17  1:03  Barracks  
  17  1:08  SCV  
  18  1:20  SCV  
  20  1:32  SCV  
  20  1:40  Reaper  
  20  1:44  Supply Depot  
  21  1:47  Orbital Command  
  21  1:51  Reaper  
  22  2:12  Command Center  
  23  2:15  Reaper  
  23  2:17  SCV  
  24  2:29  SCV, Refinery  
  26  2:41  SCV  
  27  2:48  Marine  
  27  2:52  Factory  
  27  2:58  SCV  
  28  3:02  Bunker  
  28  3:14  SCV  
  28  3:15  Marine x2  
  31  3:26  SCV  
  33  3:27  SCV  
  33  3:33  Marine x2  
  35  3:36  Supply Depot  
  35  3:42  Orbital Command  
  35  3:43  SCV  
  35  3:46  Bunker  
  36  3:51  Marine  
  38  3:56  Barracks Tech Lab  
  38  4:01  Factory Tech Lab  
  37  4:03  SCV  
  37  4:09  SCV  
  40  4:15  SCV  
  41  4:19  Barracks Reactor, Marine  
  41  4:20  Stimpack  
  41  4:21  SCV  
  42  4:28  SCV  
  42  4:29  Siege Tank  
  46  4:34  SCV, Starport  
  47  4:39  Marine  
  47  4:40  Barracks, SCV  
  48  4:46  SCV  
  48  4:52  SCV  
  50  4:57  Marine  
  50  4:59  Marine  
  51  5:02  SCV, Supply Depot x2  
  51  5:04  Refinery  
  53  5:07  Engineering Bay x2  
  53  5:16  SCV  
  54  5:22  Starport Reactor  
  54  5:23  Marine x2  
  54  5:24  Siege Tank  
  54  5:27  Barracks Reactor  
  59  5:31  SCV  
  59  5:32  Command Center  
  59  5:34  Marine  
  61  5:41  Marine x2  
  63  5:52  SCV, Marine  
  63  5:53  SCV  
  63  5:55  Refinery  
  63  5:57  Terran Infantry Weapons Level 1, Terran Infantry Armor Level 1  
  66  5:58  Siege Tank  
  66  5:59  Marine  
  66  6:02  Supply Depot  
  66  6:03  Supply Depot  
  70  6:11  Supply Depot  
  70  6:20  Combat Shield  
  70  6:23  Marine x3  
  70  6:24  SCV, Medivac x2  
  70  6:25  SCV  
  79  6:26  Marine x2  
  81  6:36  SCV  
  81  6:37  SCV  
  83  6:41  Marine x3, Supply Depot  
  83  6:42  Supply Depot  
  83  6:44  Marine x2  
  88  6:58  Medivac x2  
  88  6:59  Marine x3  
  95  7:02  Marine x2  
  95  7:06  Orbital Command  
  97  7:08  SCV  
  97  7:09  SCV  
  97  7:13  Siege Tank  
  102  7:17  Marine x3  
  102  7:20  SCV, Marine x2  
  102  7:21  SCV  
  109  7:33  SCV x2  
  109  7:35  Marine  
  111  7:46  Marine x4  
  111  7:47  Siege Tank, SCV  
  111  7:48  SCV x2  
  120  7:52  Marine  
  121  7:59  SCV  
  121  8:00  SCV x2  
  121  8:03  Bunker, Marine  
  121  8:04  Command Center  
  125  8:11  Marine  
  125  8:12  Marine x3, SCV  
  130  8:19  SCV x2  
  132  8:23  Supply Depot  
  132  8:24  SCV  
  132  8:25  Supply Depot  
  132  8:44  Medivac x2  
  132  8:45  Siege Tank  
  137  8:55  Marine x3  
  137  8:56  Marine x2  
  137  8:57  SCV x2  
  137  8:59  Refinery x2  
  142  9:03  Armory  
  142  9:09  Barracks  
  142  9:11  Barracks  
  142  9:13  Marine x5  
  142  9:14  Medivac  
  149  9:18  Siege Tank  
  152  9:31  Marine  
  122  9:42  Marine  
  122  9:43  Marine x3  
  126  9:48  Marine  
  126  9:51  SCV x2  
  129  10:00  Terran Infantry Weapons Level 2, Terran Infantry Armor Level 2, Marine  
  129  10:01  Terran Vehicle Weapons Level 1, Marine x3  
  129  10:02  Barracks Tech Lab x2  
  130  10:09  Command Center  
  130  10:13  Planetary Fortress  
  130  10:16  SCV x3  
  134  10:28  SCV x3  
  134  10:29  Barracks  
  134  10:30  Barracks x2  
  134  10:32  Barracks  
  134  10:33  Barracks  
  134  10:34  Command Center  
  136  10:39  Factory  
  136  10:44  Factory  
  125  11:08  Siege Tank  
  125  11:09  SCV x2  
  130  11:14  Refinery x2  
  130  11:18  Command Center  
  130  11:20  Command Center  
  127  11:38  Marine x3  
  127  11:39  Marine x2  
  124  11:40  Barracks Tech Lab  
  124  11:41  Barracks Tech Lab x4  
  124  11:42  Siege Tank, Factory Tech Lab  
  124  11:43  Factory Tech Lab  
  127  11:50  Orbital Command  
  126  11:57  Supply Depot  
  126  11:59  Supply Depot  
  126  12:09  Siege Tank x2, Supply Depot  
  126  12:10  Supply Depot  
  126  12:12  Armory, Terran Vehicle And Ship Armor Level 1  
  126  12:14  Siege Tank  
  135  12:22  Missile Turret  
  135  12:23  Missile Turret  
  135  12:24  Missile Turret  
  135  12:26  Marine x3  
  135  12:27  Marauder x2  
  135  12:28  Marine x2, Marauder  
  145  12:36  Medivac x2  
  149  12:48  Orbital Command x2  
  149  13:09  Terran Infantry Armor Level 3, Terran Infantry Weapons Level 3, Terran Vehicle Weapons Level 2  
  149  13:16  Planetary Fortress, Ghost Academy  
  149  13:18  SCV x3  
  152  13:26  Marauder x2  
  152  13:27  Marine x2, Marauder x5  
  164  13:31  Siege Tank  
  171  13:43  Missile Turret  
  171  13:44  Missile Turret  
  171  13:45  Missile Turret x2  
  171  13:47  Missile Turret  
  171  13:49  Missile Turret  
  171  13:51  Missile Turret  
  171  13:55  Missile Turret  
  171  14:02  Missile Turret  
  171  14:03  Missile Turret  
  171  14:06  Missile Turret  
  169  14:45  Personal Cloaking  
  169  14:53  Refinery  
  161  15:00  Siege Tank x2  
  161  15:02  Marauder x2, Marine x3  
  174  15:09  Command Center  
  174  15:12  Command Center x2  
  168  15:35  Widow Mine  
  168  15:36  Widow Mine x2  
  168  15:42  Terran Vehicle Weapons Level 3, Terran Vehicle And Ship Armor Level 2  
  172  15:47  Missile Turret  
  172  15:52  Missile Turret  
  172  15:55  Missile Turret x2  
  172  15:56  Missile Turret  
  174  15:57  Widow Mine x3  
  174  16:01  Missile Turret  
  174  16:03  Refinery  
  178  16:15  Neosteel Armor  
  178  16:16  Hi-Sec Auto Tracking  
  182  16:18  Widow Mine x3  
  181  16:32  Barracks  
  175  16:35  Barracks  
  175  16:36  Barracks  
  175  16:37  Barracks  
  175  16:38  Barracks  
  176  16:40  Widow Mine  
  176  16:47  Widow Mine x2  
  176  17:01  Widow Mine  
  151  17:09  Widow Mine  
  151  17:10  Widow Mine  
  149  17:20  Marine x2  
  149  17:21  Marine x5  
  149  17:22  Widow Mine  
  154  17:26  Barracks  
  144  17:30  Widow Mine  
  144  17:31  Widow Mine  
  146  17:44  Widow Mine  
  148  17:48  Orbital Command  
  148  17:51  Widow Mine  
  148  17:53  Widow Mine  
  148  17:56  Command Center  
  152  18:01  Drilling Claws  
  152  18:03  Command Center, Hurricane Engines  
  152  18:05  Widow Mine  
  154  18:06  Missile Turret x2  
  154  18:07  Barracks Tech Lab x3  
  154  18:08  Missile Turret  
  154  18:10  Missile Turret, Nuke  
  154  18:12  Missile Turret  
  153  18:13  Widow Mine  
  153  18:14  Widow Mine  
  148  18:21  Marine x3  
  148  18:22  Marine x3  
  148  18:26  Widow Mine  
  154  18:34  Widow Mine  
  154  18:36  Widow Mine  
  158  18:43  Command Center  
  158  18:48  Missile Turret, Widow Mine  
  160  18:49  Missile Turret  
  160  18:50  Missile Turret  
  160  18:52  Missile Turret  
  160  19:27  Orbital Command  
  160  19:30  Command Center  
  160  19:44  Barracks Tech Lab x2  
  160  19:45  Barracks Tech Lab  
  158  20:24  Widow Mine x3  
  164  20:34  Terran Ship Weapons Level 1, Terran Vehicle And Ship Armor Level 3  
  164  20:45  Widow Mine x2  
  164  20:46  Planetary Fortress, Widow Mine  
  164  20:49  Refinery  
  170  20:50  Refinery  
  170  20:54  Orbital Command x2  
  170  21:07  Widow Mine x3  
  170  21:11  Starport x2  
  172  21:27  Starport  
  172  21:28  Widow Mine x2  
  172  21:29  Widow Mine, Starport  
  176  21:34  Starport  
  170  21:49  Widow Mine x2  
  170  21:50  Widow Mine  
  176  22:04  Fusion Core  
  176  22:07  Planetary Fortress  
  176  22:11  Widow Mine x3  
  182  22:24  Starport Reactor  
  182  22:25  Starport Reactor x4  
  182  22:32  Widow Mine  
  182  22:36  Missile Turret x3  
  184  22:40  Missile Turret x2  
  184  22:41  Missile Turret  
  184  22:44  Missile Turret  
  134  23:27  Widow Mine x2  
  134  23:28  Widow Mine  
  134  23:29  Marine  
  134  23:30  Marine x6, Marauder x3  
  134  23:31  Marauder, Marine x3  
  134  23:32  Marine, Marauder x3  
  165  23:38  Refinery x2  
  165  23:47  Marine x2  
  165  23:48  Marine x7  
  169  23:49  Marine  
  169  23:50  Marine x2  
  169  23:51  Advanced Ballistics, Marine x2  
  169  23:52  Marine x2  
  169  23:53  Terran Ship Weapons Level 2, Marine x2  
  179  24:05  Medivac, Marine x3  
  179  24:06  Medivac, Marine x6  
  179  24:07  Marine  
  179  24:08  Marine x2  
  179  24:09  Marine  
  188  24:19  Ghost x5  
  188  24:23  Ghost  
  160  25:07  Widow Mine x3  
  162  25:18  Ghost x4  
  162  25:19  Ghost x7  
  162  25:20  Ghost x2  
  188  25:23  Ghost  
  188  25:45  Barracks Tech Lab  
  188  25:47  Ghost x4  
  164  27:07  Command Center  
  163  27:30  Siege Tank  
  163  27:31  Siege Tank x2  
  163  27:34  Terran Ship Weapons Level 3  
  122  28:50  Ghost x10  
  122  28:51  Ghost x5  
  152  29:12  Siege Tank x3  
  161  29:18  Ghost  
  161  29:19  Ghost x3  
  169  29:34  Barracks Tech Lab  
  169  29:44  Siege Tank  
  170  29:59  Command Center x2  
  170  30:05  Siege Tank x2  
  170  30:07  Command Center x2  
  176  30:16  Siege Tank, Liberator x4  
  187  30:37  Siege Tank  
  187  30:51  Orbital Command  
  181  30:59  Orbital Command  
  181  31:15  Planetary Fortress x2  
  181  31:20  Planetary Fortress x2  
  181  31:34  Missile Turret x2  
  181  31:35  Missile Turret  
  181  31:36  Missile Turret x2  
  181  31:38  Missile Turret  
  181  31:46  Planetary Fortress  
  181  31:50  Refinery  
  181  31:52  Refinery  
  181  32:32  SCV  
  181  32:33  SCV  
  177  35:29  Command Center  
  177  35:30  Command Center  
  177  36:22  Nuke  
  177  36:37  Ghost Academy  
  177  36:42  Ghost Academy  
  177  36:43  Ghost Academy  
  177  37:02  Viking  
  177  37:03  Viking x6  
  177  37:04  Viking x4  
  199  37:26  Nuke x4  
Show
View Real Time Build Order
Export as new Build Order

Subwayeatn Zerg 

Build Orders: Pool First 

Get SALT Encoding   

  12  0:00  Drone  
  13  0:12  Overlord  
  13  0:18  Drone  
  14  0:34  Drone x2  
  14  0:35  Drone  
  17  0:41  Extractor  
  16  0:49  Spawning Pool  
  15  0:54  Drone  
  16  1:17  Hatchery  
  15  1:26  Drone  
  15  1:27  Drone  
  17  1:36  Zergling x2  
  17  1:39  Zergling x2  
  19  1:48  Queen  
  21  1:55  Metabolic Boost  
  21  2:06  Overlord  
  21  2:11  Drone  
  22  2:28  Queen  
  24  2:30  Queen  
  26  2:38  Drone  
  26  2:39  Drone  
  28  2:46  Zergling x2  
  29  2:57  Drone  
  29  2:58  Drone x2  
  32  3:02  Spine Crawler  
  30  3:30  Drone x2  
  30  3:31  Drone x4  
  36  3:43  Overlord  
  36  3:45  Overlord  
  36  3:49  Overlord  
  36  4:01  Queen x2, Hatchery  
  39  4:02  Overlord  
  39  4:12  Extractor  
  38  4:18  Zergling x14  
  45  4:31  Drone  
  45  4:35  Drone  
  45  4:36  Drone  
  45  4:37  Drone  
  49  4:45  Drone  
  50  4:49  Extractor  
  49  4:56  Overlord  
  49  5:02  Drone x2, Lair  
  49  5:03  Drone  
  49  5:04  Drone  
  53  5:10  Pneumatized Carapace  
  53  5:20  Baneling Nest  
  52  5:21  Queen  
  52  5:49  Drone x3  
  54  5:51  Drone  
  54  5:53  Drone x3  
  58  6:03  Extractor  
  57  6:04  Drone  
  57  6:05  Drone  
  59  6:13  Overseer  
  59  6:15  Drone  
  59  6:16  Drone x8  
  68  6:18  Drone  
  68  6:19  Drone x2  
  68  6:23  Queen  
  73  6:25  Hatchery  
  73  6:31  Drone x6  
  78  6:36  Spore Crawler  
  77  6:44  Drone  
  77  6:45  Drone x3  
  81  6:47  Extractor  
  81  6:49  Extractor  
  81  6:54  Centrifugal Hooks  
  79  6:58  Spire  
  79  6:59  Overlord x6  
  78  7:11  Overlord x2  
  78  7:24  Spire  
  78  7:25  Drone x2  
  78  7:26  Drone x2  
  78  7:27  Spire  
  67  7:45  Zergling x24  
  67  7:46  Zergling x4  
  66  8:00  Zergling x8  
  66  8:01  Zergling x4  
  66  8:05  Drone  
  68  8:07  Overseer  
  68  8:08  Overseer  
  68  8:09  Baneling  
  68  8:10  Baneling x17  
  68  8:14  Overlord x2  
  68  8:24  Drone x3  
  68  8:26  Evolution Chamber  
  70  8:27  Evolution Chamber  
  70  8:32  Zergling x6  
  71  8:47  Zergling x18  
  77  8:55  Zergling x4  
  77  9:04  Zergling x2  
  77  9:05  Zergling x6  
  77  9:08  Zergling x4  
  77  9:09  Zergling x10  
  70  9:38  Zergling x10  
  53  9:39  Zergling x20  
  67  9:46  Zergling x2  
  67  9:50  Hatchery  
  66  9:56  Zergling x6  
  69  10:06  Zergling x10  
  69  10:07  Zergling x6  
  67  10:08  Baneling  
  67  10:09  Baneling x12  
  68  10:16  Baneling  
  68  10:17  Baneling x6  
  68  10:22  Zergling x6  
  56  10:55  Zergling x28  
  56  10:56  Zergling x2  
  64  11:09  Zergling x12  
  70  11:24  Queen  
  72  11:28  Zergling x2  
  62  11:41  Zergling x2  
  62  11:42  Zergling x16  
  66  12:03  Drone x7  
  73  12:13  Overlord  
  73  12:15  Overlord  
  73  12:27  Evolution Chamber x2  
  71  12:33  Drone x6  
  77  12:48  Zerg Flyer Weapons Level 1  
  77  12:49  Zerg Flyer Armor Level 1  
  77  12:54  Mutalisk x3  
  77  12:55  Mutalisk  
  85  13:00  Overseer  
  85  13:02  Overseer  
  85  13:06  Drone x4  
  85  13:07  Drone  
  85  13:09  Drone  
  91  13:20  Drone x7  
  91  13:24  Extractor  
  97  13:28  Corruptor  
  97  13:31  Mutalisk x2  
  103  13:45  Zerg Melee Weapons Level 1, Zerg Ground Armor Level 1  
  103  13:52  Overseer  
  99  13:57  Mutalisk  
  99  13:58  Mutalisk x6  
  113  14:06  Baneling x4  
  113  14:07  Baneling x11  
  113  14:08  Baneling  
  110  14:39  Zergling x2  
  111  14:45  Drone  
  111  14:46  Drone  
  111  14:50  Hatchery  
  108  14:52  Extractor  
  108  14:58  Mutalisk  
  108  14:59  Mutalisk x11  
  121  15:11  Zergling x2  
  121  15:12  Zergling x6  
  100  15:36  Baneling x6  
  100  15:37  Baneling x2  
  100  15:45  Mutalisk  
  100  15:46  Mutalisk x10  
  123  15:50  Drone  
  123  15:55  Hatchery  
  122  16:01  Zerg Melee Weapons Level 2  
  122  16:10  Queen  
  124  16:12  Drone  
  124  16:14  Drone  
  118  16:35  Zergling x2  
  118  16:36  Zergling x16  
  127  16:56  Zergling x14  
  127  16:57  Zergling x2  
  106  17:34  Zerg Flyer Weapons Level 2  
  106  17:39  Hatchery  
  106  17:40  Extractor, Drone x4  
  106  17:41  Extractor  
  107  18:01  Drone x7  
  107  18:02  Drone  
  115  18:40  Drone x17  
  132  18:53  Infestation Pit  
  132  18:55  Zerg Ground Armor Level 2  
  131  18:56  Zerg Flyer Armor Level 2  
  131  18:58  Hatchery  
  131  19:01  Queen  
  132  19:11  Baneling  
  132  19:12  Baneling x15  
  132  19:14  Overlord x2  
  132  19:21  Overseer  
  132  19:40  Mutalisk  
  132  19:41  Mutalisk x11  
  132  19:44  Overseer  
  132  19:45  Overseer  
  156  20:07  Zergling x2  
  143  20:28  Zergling x16  
  144  20:29  Zergling x24  
  160  20:43  Hatchery  
  160  20:44  Extractor  
  160  20:45  Extractor  
  157  20:50  Hive  
  157  20:58  Baneling  
  157  20:59  Baneling x28  
  157  21:03  Drone  
  158  21:05  Overlord x4  
  157  21:22  Queen  
  156  21:50  Mutalisk  
  156  21:51  Mutalisk x8  
  156  21:54  Zergling x16  
  181  22:12  Drone x2  
  181  22:13  Drone  
  184  22:16  Drone  
  184  22:18  Ultralisk Cavern  
  184  22:26  Queen  
  186  22:30  Hatchery  
  186  22:33  Overlord x3  
  186  22:34  Overlord  
  185  22:37  Overseer  
  185  22:38  Overseer  
  185  22:39  Overseer  
  185  22:40  Overseer  
  185  22:44  Overlord x2  
  133  23:26  Ultralisk x3  
  146  23:28  Zergling x2  
  146  23:29  Zergling x48  
  171  23:37  Drone  
  171  23:39  Chitinous Plating  
  152  23:59  Extractor, Hatchery  
  152  24:02  Extractor  
  148  24:07  Ultralisk x2  
  160  24:13  Overseer  
  160  24:14  Overseer  
  156  24:17  Zergling x2  
  156  24:18  Zergling x46  
  147  24:53  Ultralisk x3  
  147  24:58  Anabolic Synthesis  
  136  25:02  Zergling x6  
  136  25:03  Zergling x30  
  154  25:09  Queen  
  156  25:15  Drone x7  
  156  25:18  Zergling x2  
  164  25:23  Drone x4  
  164  25:27  Drone x4  
  168  25:39  Baneling  
  168  25:40  Baneling x18  
  168  25:41  Baneling x3  
  168  25:57  Ultralisk x2  
  179  26:05  Zerg Melee Weapons Level 3  
  177  26:13  Extractor, Drone x2  
  177  26:14  Drone x2  
  177  26:15  Drone x2, Extractor  
  160  26:38  Ultralisk x3  
  175  26:48  Zergling x2  
  175  26:49  Zergling x18  
  175  26:50  Zergling x2  
  175  26:51  Overlord x7  
  184  27:08  Overlord x5  
  175  27:25  Mutalisk  
  175  27:26  Mutalisk x9  
  194  27:42  Mutalisk  
  194  27:43  Mutalisk  
  198  27:49  Overseer  
  195  27:51  Queen  
  195  27:52  Queen  
  195  27:53  Zerg Ground Armor Level 3  
  190  28:08  Zergling x2  
  190  28:09  Zergling x24  
  122  28:58  Zergling x12  
  122  28:59  Zergling x38, Ultralisk Cavern  
  146  29:22  Baneling x14  
  146  29:23  Baneling x22  
  146  29:25  Overseer x2  
  146  29:26  Overseer x3  
  146  29:50  Mutalisk x7  
  160  30:04  Ultralisk  
  166  30:08  Ultralisk  
  127  31:02  Zergling x6  
  127  31:03  Zergling x56  
  127  31:04  Zergling x16  
  159  31:18  Ultralisk x4  
  183  31:24  Swarm Host x3  
  192  31:33  Zerg Missile Weapons Level 1  
  192  31:41  Swarm Host  
  192  31:42  Swarm Host  
  195  32:00  Swarm Host x3  
  195  32:01  Swarm Host x6  
  198  32:13  Zergling x4  
  200  32:21  Burrow  
  200  32:56  Overseer x3  
  191  33:12  Overseer  
  191  33:22  Ultralisk  
  191  33:25  Zergling x6  
  182  33:49  Ultralisk x3  
  200  34:00  Spore Crawler  
  200  34:01  Spore Crawler  
  198  34:04  Spore Crawler  
  198  34:08  Spore Crawler, Spine Crawler  
  195  34:11  Spore Crawler, Spine Crawler  
  195  34:12  Spore Crawler x2  
  195  34:15  Spore Crawler, Spine Crawler  
  195  34:16  Swarm Host x4  
  195  34:17  Swarm Host, Spine Crawler  
  195  34:19  Spine Crawler  
  195  34:21  Spine Crawler  
  198  34:34  Zergling x4  
  188  35:21  Corruptor x6  
  200  35:33  Greater Spire, Zerg Flyer Weapons Level 3  
  200  35:34  Zerg Missile Weapons Level 2  
  200  36:04  Adrenal Glands  
  200  36:30  Spine Crawler  
  200  36:31  Spine Crawler x2  
  200  36:32  Spine Crawler  
  196  36:37  Spine Crawler  
  195  36:40  Spine Crawler  
  195  36:41  Spine Crawler  
  195  36:42  Spine Crawler  
  192  36:57  Brood Lord  
  192  36:58  Brood Lord x3  
  174  37:52  Corruptor  
  174  37:53  Corruptor x7  
  157  38:13  Corruptor  
Tags
 
Matchup
TvZ
Opening
Pool First
Replay Pack
Multiplayer
Spawn Locations
Cross Positions
Add a new tag
Caveats
  • Supply blocks, unpowered buildings, or Contaminate may cause inaccurate times.
  • Supply counts are checked every 10 seconds.